 Dungeon Crawl Stone Soup version 0.28.0 (webtiles) character file.

Game seed: 9512972388578778692

191 Golzeb the Bolt Thrower (level 5, -14/42 HPs)
             Began as a Minotaur Hunter on Feb 16, 2022.
             Killed by divine providence
             ... invoked by an orc priest
              (16 damage)
             ... on level 3 of the Dungeon.
             The game lasted 00:04:22 (1763 turns).

Golzeb the Bolt Thrower (Minotaur Hunter)           Turns: 1763, Time: 00:04:23

Health: -14/42     AC:  6    Str: 16    XL:     5   Next: 42%
Magic:  4/4        EV: 10    Int:  8    God:
Gold:   119        SH:  0    Dex: 13    Spells: 4/4 levels left

rFire   . . .      SeeInvis .   a - +1 hand crossbow
rCold   . . .      Faith    .   (no shield)
rNeg    + . .      Spirit   .   c - +0 scale mail
rPois   .          Reflect  .   (helmet restricted)
rElec   .          Harm     .   (no cloak)
rCorr   .          Rampage  .   (no gloves)
Will    .....                   (no boots)
Stlth   ..........              (no amulet)
HPRegen 0.14/turn               j - ring of positive energy
MPRegen 0.09/turn               (no ring)

@: confused
A: horns 2, retaliatory headbutt
a: no special abilities


You were on level 3 of the Dungeon.
You visited 1 branch of the dungeon, and saw 3 of its levels.

You collected 119 gold pieces.

Inventory:

Hand Weapons
 a - a +1 hand crossbow (weapon)
 b - a +0 short sword
Missiles
 d - 14 bolts (quivered ammo)
Armour
 c - a +0 scale mail (worn)
Jewellery
 j - a ring of positive energy (left hand)
Scrolls
 e - a scroll of blinking {unknown}
 f - 2 scrolls of identify {unknown}
 g - a scroll of acquirement {unknown}
 h - a scroll of enchant weapon {unknown}
 i - a scroll of fear {unknown}
 l - 3 scrolls of amnesia {unknown}
Potions
 k - a potion of flight {unknown}
 m - a potion of attraction {unknown}
 n - a potion of heal wounds {unknown}


   Skills:
 - Level 2.4 Fighting
 + Level 7.4 Crossbows
 - Level 2.2 Dodging
 - Level 0.8 Stealth


You had 4 spell levels left.
You didn't know any spells.
Your spell library contained the following spells:

 Spells                   Type           Power      Damage    Failure   Level
 Shock                    Conj/Air       0%         1d3       86%         1
 Swiftness                Air            0%         N/A       99%         3
 Airstrike                Air            0%         N/A       100%        4


Dungeon Overview and Level Annotations

Branches:
Dungeon (3/15)

Altars:
Trog


Innate Abilities, Weirdness & Mutations

You have a pair of horns on your head.
You reflexively headbutt those who attack you in melee.


Message History

The orc priest calls down the wrath of Beogh upon you.
Pain shoots through your body!
Non-targeted confused fire: 19 bolts
Press: ? - help, Q - select action Dir - look around, f - activate You shoot a bolt.
Unknown command.
You barely miss something.
You hear some strange, mumbled words.
A puff of flame appears from out of thin air!
The puff of flame hits you.
* * * LOW HITPOINT WARNING * * *
Something hits you but does no damage.
Non-targeted confused fire: 18 bolts
Press: ? - help, Q - select action Dir - look around, f - activate You shoot a bolt.
The orc priest calls down the wrath of Beogh upon you.
Something writhes in agony!
You hear some strange, mumbled words.
You are more confused.
Non-targeted confused fire: 17 bolts
Press: ? - help, Q - select action Dir - look around, f - activate You shoot a bolt.
Reactivating autopickup.
You feel a bit more experienced.
Non-targeted confused fire: 16 bolts
Press: ? - help, Q - select action Dir - look around, f - activate Look: an orc priest, wielding a +2 flail of protection and wearing the +2 robe of Juaghe Caowy {Dex+6} (lightly wounded)
You shoot a bolt. The orc priest closely misses you.
The orc priest hits you with a +2 flail of protection!
* * * LOW HITPOINT WARNING * * *
Non-targeted confused fire: 15 bolts
Press: ? - help, Q - select action Dir - look around, f - activate Look: an orc priest, wielding a +2 flail of protection and wearing the +2 robe of Juaghe Caowy {Dex+6} (lightly wounded)
You shoot a bolt. The orc priest barely misses you.
You're too confused to move!
The orc priest calls down the wrath of Beogh upon you.
Beogh smites you!
You die...

#.####.. .. #.......
#.# ######.. ( #..
#.. ..###(. #..
(.(...( #.# ...)...
##.# ...$(.w########
#... #(oo@.....# #...
#.#######.##### #...
# #.......# #...
#####.#†###.####...
#.......###........
....#.#.##.†.........
. .....#..##........
#.#......##.##.#...
#.....(.....##.#...


You could see a worm and 2 orc priests.

Vanquished Creatures
  Terence (D:3)
  2 orc wizards (D:3)
  4 gnolls (D:3)
  3 adders
  2 dart slugs (D:1)
  5 bats
  8 endoplasms
  A giant cockroach (D:3)
  4 hobgoblins
  4 jackals (D:1)
  3 kobolds (D:1)
  4 quokkas
  5 ball pythons
  3 frilled lizards (D:1)
  6 goblins
  6 rats
61 creatures vanquished.

Notes
Turn   | Place    | Note
-------+----------+-------------------------------------------
     0 | D:1      | Golzeb the Minotaur Hunter began the quest for the Orb.
     0 | D:1      | Reached XP level 1. HP: 18/18 MP: 0/0
   127 | D:1      | Reached XP level 2. HP: 25/25 MP: 1/1
   297 | D:1      | Reached skill level 5 in Crossbows
   422 | D:1      | Reached XP level 3. HP: 24/30 MP: 2/2
   860 | D:2      | Reached skill level 6 in Crossbows
   976 | D:2      | Found a faded altar of an unknown god.
  1102 | D:2      | Reached XP level 4. HP: 37/37 MP: 3/3
  1408 | D:3      | Found a bloodstained altar of Trog.
  1551 | D:3      | Noticed Terence
  1557 | D:3      | Killed Terence
  1558 | D:3      | Reached skill level 7 in Crossbows
  1558 | D:3      | Reached XP level 5. HP: 28/42 MP: 4/4
  1747 | D:3      | Identified the +2 robe of Juaghe Caowy {Dex+6}
  1761 | D:3      | HP: 2/42 [orc priest (10)]
  1763 | D:3      | Killed from afar by an orc priest

Illustrated notes

Levels and vault maps discovered:
D:1:      dpeg_arrival_refuge, layout_rooms, nrook_loot_triangle,
          corexii_corridor_pit
D:2:      layout_loops_ring, chequers_ecumenical_altar_simple,
          grunt_ministairs_11, supply_closet_lemuel
D:3:      layout_loops_cross, mainiacjoe_overflow_brackets,
          minmay_misc_feat_cross, uniq_terence, uniq_sigmund

Skill      XL: |  1  2  3  4 |
---------------+-------------+-----
Crossbows      | 5 6 7 |  7.4
Fighting       | |  2.4
Dodging        | |  2.2
Stealth        | |  0.8

Action                   |  1- 3 |  4- 6 || total
-------------------------+-------+-------++-------
Melee: Hand crossbow     |       |     1 ||     1
 Fire: Hand crossbow     |    87 |    54 ||   141
Armor: Leather armour    |     5 |       ||     5
       Scale mail        |       |    12 ||    12
Dodge: Dodged            |    17 |    13 ||    30
